Map: Ever Dream LE

Players

jheffe

  • Race: Terran Terran
  • League: Master
  • Spawn Location: 7:00

JonSnow - Winner!

  • Race: Zerg Zerg
  • League: Master
  • Spawn Location: 1:00

Event: DreamHack SC2 Masters 2020 Summer North America

VOD

Have the link to the VOD?

Description

Time

  • Played on: July 3, 2020, 5:19 p.m.
  • Length: 19:36

All games in this series

Show
View Real Time Build Order
Export as new Build Order

jheffe Terran 

Build Orders: Gas First Reaper Expand, Hellion Banshee 

Get SALT Encoding   

  12  0:00  SCV  
  13  0:13  SCV  
  14  0:17  Supply Depot  
  14  0:25  SCV  
  15  0:31  Refinery  
  15  0:38  SCV  
  16  0:44  Barracks  
  16  0:50  SCV  
  17  1:02  SCV  
  18  1:16  SCV  
  19  1:31  Reaper, Orbital Command  
  20  1:41  Command Center  
  20  1:53  Factory  
  20  1:57  SCV  
  21  2:07  Refinery  
  21  2:08  Barracks Reactor  
  21  2:09  SCV  
  22  2:16  Supply Depot  
  22  2:21  SCV  
  23  2:37  SCV  
  23  2:42  Starport  
  24  2:48  Hellion  
  24  2:49  SCV, Hellion  
  29  2:54  Orbital Command  
  29  2:57  Marine  
  30  3:01  SCV  
  31  3:10  Hellion x2  
  35  3:14  SCV  
  35  3:18  Starport Tech Lab  
  35  3:19  SCV  
  37  3:26  SCV  
  38  3:31  Supply Depot  
  38  3:32  SCV  
  41  3:34  Hellion  
  41  3:36  Hellion  
  41  3:38  SCV  
  41  3:39  Cloaking Field  
  44  3:44  SCV  
  45  3:50  SCV  
  46  3:56  SCV  
  43  4:05  SCV  
  42  4:10  SCV  
  42  4:11  Hellion x2, Banshee  
  42  4:12  Barracks Tech Lab  
  42  4:13  Supply Depot  
  47  4:17  SCV  
  47  4:22  SCV  
  49  4:25  Command Center  
  49  4:29  SCV  
  49  4:30  Stimpack  
  50  4:35  SCV  
  51  4:41  SCV  
  51  4:42  Factory Reactor, Barracks  
  51  4:44  Barracks  
  52  4:47  SCV  
  52  4:50  Supply Depot  
  53  4:53  SCV  
  53  4:54  Banshee  
  53  4:59  SCV  
  58  5:05  SCV, Engineering Bay x2  
  59  5:11  SCV  
  60  5:14  Refinery  
  60  5:15  Refinery  
  60  5:16  Supply Depot, Marine  
  60  5:17  SCV  
  62  5:23  SCV  
  63  5:29  SCV  
  63  5:34  Terran Infantry Weapons Level 1, Terran Infantry Armor Level 1  
  63  5:35  SCV  
  65  5:37  Marine  
  65  5:38  Marine x3  
  65  5:42  SCV  
  70  5:46  Starport Reactor  
  70  5:47  SCV  
  70  5:48  Marine, Siege Tank  
  75  5:54  SCV  
  75  5:55  Marine x2  
  78  5:59  SCV  
  78  6:02  Marine x2  
  81  6:05  Barracks  
  81  6:06  SCV, Marine, Barracks  
  83  6:11  SCV  
  83  6:18  SCV  
  83  6:19  Marine x2  
  83  6:20  Combat Shield, Marine x2  
  83  6:21  Siege Tank  
  83  6:23  SCV  
  85  6:27  Marine  
  85  6:28  Medivac x2  
  85  6:30  SCV  
  91  6:34  Missile Turret  
  91  6:35  SCV  
  91  6:36  Missile Turret  
  91  6:37  Marine  
  91  6:38  Supply Depot  
  93  6:41  Supply Depot  
  93  6:44  Missile Turret  
  93  6:49  Supply Depot  
  93  6:50  Orbital Command  
  93  7:00  SCV, Marine x5  
  99  7:04  SCV  
  95  7:09  Barracks Reactor  
  95  7:10  Barracks Reactor, Siege Tank  
  95  7:12  SCV, Missile Turret  
  96  7:16  SCV x2  
  96  7:17  Marine x2  
  100  7:24  Armory, SCV, Marine x3  
  100  7:26  Medivac  
  100  7:28  SCV x2  
  108  7:35  Marine x2  
  108  7:36  SCV  
  111  7:40  SCV x2  
  111  7:42  Marine  
  114  7:45  Marine x3  
  114  7:48  SCV  
  116  7:52  SCV x2  
  116  7:56  Marine x3  
  116  7:57  Medivac x2, Marine  
  104  7:58  Siege Tank  
  104  8:00  SCV  
  104  8:01  Factory  
  108  8:06  Refinery  
  108  8:08  Supply Depot  
  108  8:10  Supply Depot, Terran Infantry Armor Level 2, Terran Infantry Weapons Level 2  
  108  8:12  Marine x5  
  107  8:26  Marine x4  
  105  8:27  Medivac x2  
  105  8:32  Command Center  
  103  8:38  Marine x4  
  103  8:39  Marine  
  99  8:44  Marine x2  
  101  8:52  Marine x2  
  103  8:56  Marine x5  
  103  8:59  Drilling Claws, Factory Reactor  
  103  9:00  Thor  
  103  9:01  Marine  
  115  9:05  Supply Depot  
  115  9:06  Supply Depot  
  115  9:09  Marine x3  
  116  9:14  Medivac x2, Marine x3  
  125  9:17  Supply Depot  
  125  9:18  Supply Depot  
  125  9:21  Barracks  
  125  9:22  Barracks  
  125  9:23  Barracks  
  125  9:27  Marine x4  
  125  9:31  Supply Depot x2  
  129  9:39  Marine x2  
  129  9:43  Marine  
  129  9:44  Marine x2  
  129  9:45  Marine x4  
  131  9:51  Widow Mine x2  
  135  9:57  Marine x2  
  135  10:01  Marine x3  
  135  10:02  Marine x4  
  141  10:08  Medivac  
  141  10:09  Liberator  
  143  10:14  Marine x2  
  143  10:19  Marine x2  
  134  10:27  Marine x2  
  134  10:28  Marine x2, Barracks Tech Lab x3  
  134  10:32  Terran Infantry Weapons Level 3  
  132  10:38  Widow Mine x2  
  132  10:39  Terran Infantry Armor Level 3  
  132  10:41  SCV  
  135  10:44  SCV  
  136  10:54  Marine  
  136  10:55  Marauder, Marine x4  
  143  10:58  Marine  
  143  10:59  Marauder  
  143  11:00  Missile Turret  
  146  11:08  Marine x3  
  150  11:13  Marine x2  
  150  11:15  Planetary Fortress  
  150  11:17  Marauder  
  143  11:20  Marauder  
  143  11:24  Marine  
  143  11:25  Marine x2  
  134  11:34  Marine x3  
  134  11:37  Marine x2  
  134  11:38  Marauder  
  141  11:46  SCV, Marine x2  
  141  11:47  Marine  
  137  11:48  Barracks Tech Lab x2  
  137  11:52  Widow Mine x2  
  137  11:53  Missile Turret  
  136  12:00  Marauder  
  130  12:05  Thor  
  130  12:08  Missile Turret  
  136  12:09  Missile Turret, Marine x2  
  136  12:10  Marauder x2, Marine x2  
  136  12:11  Marine x4  
  136  12:13  Widow Mine x2  
  150  12:18  SCV x3  
  150  12:21  Medivac, Marauder, Liberator  
  160  12:27  Marine  
  160  12:31  Missile Turret  
  159  12:40  Marine x4  
  159  12:41  Marine x3  
  159  12:42  Marauder x3  
  159  12:43  Widow Mine  
  172  12:48  Widow Mine  
  172  12:50  Missile Turret  
  174  12:53  Missile Turret  
  174  12:57  Thor  
  180  13:00  Supply Depot  
  180  13:01  Supply Depot  
  180  13:02  Missile Turret  
  180  13:10  Sensor Tower  
  180  13:18  Sensor Tower  
  180  13:25  Medivac x2  
  181  13:27  Marine x6  
  181  13:28  Bunker, Marauder x3, Marine  
  164  13:44  Marine  
  164  13:45  Marine  
  164  13:49  Marauder x2  
  164  13:50  Marauder  
  164  13:54  Marine  
  164  13:55  Marine  
  172  14:00  Widow Mine x2  
  172  14:01  Widow Mine  
  178  14:11  Marauder  
  178  14:16  Marine x3  
  178  14:17  Marauder x2, Marine x2  
  168  14:46  Medivac x2  
  161  14:55  Marauder x2, Marine  
  161  14:56  Marauder  
  122  15:04  Orbital Command  
  122  15:06  Marine  
  122  15:07  Marine x5  
  123  15:09  Barracks  
  127  15:17  Marauder x2  
  125  15:22  Marine  
  125  15:23  Marine x2  
  125  15:24  Marine  
  115  15:29  Medivac x2  
  109  15:36  Marine x3  
  109  15:38  Marauder  
  109  15:39  Marine  
  103  15:53  Marine x2  
  103  15:54  Marauder  
  95  16:02  Medivac x2  
  95  16:03  Marine  
  95  16:04  Marine  
  98  16:12  Marine  
  98  16:13  Marine x3  
  98  16:14  Widow Mine  
  98  16:15  Widow Mine  
  103  16:27  Marine x2  
  103  16:28  Marauder x2  
  103  16:29  Marine  
  103  16:30  Marauder  
  103  16:32  Medivac  
  100  16:48  Marine x6  
  106  17:00  Widow Mine x2  
  106  17:01  Medivac  
  109  17:02  Medivac, Marine x4  
  94  17:16  Marine x2  
  94  17:17  Marauder, Marine x2  
  94  17:20  Marauder x2  
  94  17:21  Widow Mine x2  
  108  17:27  Marine x4  
  108  17:28  Barracks Tech Lab  
  104  17:47  Marine x2  
  104  17:48  Marauder x3, Marine x4  
  116  17:52  Marauder  
  103  18:09  Marauder, Marine x2  
  85  18:25  Marine x5  
  85  18:26  Marauder x3  
  91  18:31  Marauder  
  93  18:34  Marine x2  
  93  18:35  Marine  
  93  18:37  Widow Mine  
  92  18:44  Marine x2  
  92  18:47  Marauder x2  
  98  18:53  Marine  
  98  18:54  Marine x3  
  102  18:56  Widow Mine  
  102  19:00  Marine  
  102  19:01  Marine  
  106  19:07  Marine x3  
Show
View Real Time Build Order
Export as new Build Order

JonSnow Zerg - Winner!

Build Orders: Hatch First, Muta Ling Bane 

Get SALT Encoding   

  12  0:00  Drone  
  13  0:13  Overlord  
  13  0:17  Drone  
  14  0:31  Drone x2  
  16  0:48  Hatchery  
  15  0:51  Drone  
  15  0:56  Drone  
  17  0:58  Drone  
  18  1:06  Extractor  
  17  1:13  Spawning Pool  
  17  1:17  Drone  
  17  1:19  Drone  
  18  1:28  Drone  
  19  1:40  Drone  
  20  1:51  Overlord  
  20  2:00  Queen x2  
  20  2:01  Zergling x2  
  25  2:02  Zergling x2  
  26  2:12  Zergling x2  
  26  2:13  Drone  
  28  2:25  Hatchery  
  28  2:29  Metabolic Boost  
  27  2:35  Drone x2  
  29  2:41  Drone x2  
  31  2:48  Queen  
  33  2:54  Overlord  
  33  2:56  Drone  
  34  3:11  Zergling x4  
  34  3:12  Drone x2  
  38  3:13  Drone x2  
  38  3:17  Queen  
  42  3:22  Overlord  
  42  3:32  Overlord  
  42  3:33  Overlord  
  41  3:35  Drone x2  
  41  3:38  Queen  
  45  3:44  Drone  
  45  3:45  Drone x2  
  48  3:56  Zergling x2  
  48  3:57  Zergling x2  
  46  4:06  Drone  
  46  4:09  Drone x6  
  50  4:10  Lair, Drone  
  50  4:14  Drone x2  
  51  4:21  Drone  
  51  4:22  Drone x3  
  55  4:25  Spore Crawler  
  55  4:28  Spore Crawler  
  53  4:33  Spore Crawler, Drone x2  
  53  4:38  Zergling x6  
  56  4:41  Drone  
  56  4:42  Drone  
  56  4:44  Extractor  
  56  4:45  Drone, Extractor  
  58  4:46  Drone  
  58  4:49  Drone  
  58  4:51  Drone x2  
  62  4:57  Drone x4  
  66  5:04  Overlord, Extractor  
  66  5:07  Overlord, Drone  
  65  5:14  Overlord  
  65  5:17  Overlord  
  65  5:20  Overlord  
  65  5:22  Spire  
  65  5:23  Drone x5  
  69  5:29  Drone x3  
  74  5:35  Drone x3  
  74  5:36  Drone, Baneling Nest  
  74  5:38  Drone x2  
  74  5:39  Drone  
  74  5:41  Drone  
  74  5:42  Drone  
  80  5:44  Drone  
  81  5:50  Drone x3  
  81  5:51  Overlord, Extractor x2  
  81  5:55  Evolution Chamber  
  81  5:57  Evolution Chamber  
  80  5:59  Zergling x4  
  80  6:03  Zergling x8  
  86  6:13  Overseer  
  86  6:17  Drone  
  86  6:18  Drone x4  
  86  6:19  Drone  
  86  6:25  Overlord  
  86  6:33  Mutalisk x6  
  86  6:36  Mutalisk  
  100  6:40  Hatchery  
  100  6:42  Centrifical Hooks  
  99  6:51  Drone  
  99  6:52  Zerg Melee Weapons Level 1  
  99  6:53  Zergling x16  
  108  7:00  Overlord  
  108  7:02  Zerg Ground Armor Level 1  
  108  7:07  Zergling x6  
  111  7:11  Baneling x10  
  111  7:13  Zergling x8  
  114  7:16  Overlord, Baneling x2  
  114  7:21  Overlord  
  114  7:31  Mutalisk x2  
  114  7:33  Overlord  
  114  7:34  Zergling x4  
  114  7:36  Hatchery  
  114  7:51  Mutalisk x3  
  114  7:52  Mutalisk  
  114  7:55  Zergling x20  
  128  8:01  Drone x2  
  128  8:04  Drone  
  131  8:06  Baneling x8  
  131  8:09  Drone x3  
  126  8:20  Zergling x10  
  126  8:23  Mutalisk  
  125  8:34  Mutalisk x4  
  126  8:44  Drone x6  
  126  8:46  Baneling x6  
  132  8:52  Pneumatized Carapace  
  132  8:53  Overseer  
  132  8:56  Drone x9, Extractor  
  132  8:57  Extractor  
  132  8:59  Hatchery  
  138  9:05  Zerg Melee Weapons Level 2  
  138  9:06  Overlord  
  138  9:11  Zergling x2  
  138  9:12  Zergling x8  
  143  9:20  Zerg Ground Armor Level 2, Baneling x3  
  143  9:21  Zergling x2  
  143  9:22  Zergling x14  
  150  9:27  Zergling x2, Baneling x4  
  150  9:28  Zergling x6  
  154  9:38  Zergling x6  
  150  9:45  Mutalisk  
  150  9:46  Mutalisk x3  
  150  9:51  Zergling x2  
  150  9:52  Overlord  
  159  9:57  Overlord  
  159  9:59  Infestation Pit  
  157  10:01  Zergling x6  
  157  10:03  Baneling x4  
  157  10:04  Baneling x7  
  160  10:09  Overlord  
  160  10:10  Overlord x3  
  156  10:19  Queen  
  150  10:22  Zergling x22  
  150  10:23  Queen  
  159  10:30  Mutalisk x3  
  159  10:33  Zergling x6  
  166  10:39  Hive  
  166  10:41  Burrow  
  166  10:42  Baneling x4  
  166  10:43  Zergling x14, Baneling x2  
  173  10:58  Zergling x16  
  173  11:01  Overseer  
  177  11:06  Baneling x15  
  177  11:09  Zergling x20  
  187  11:14  Zergling x6  
  181  11:19  Zergling x2  
  181  11:20  Zergling x2  
  181  11:24  Zergling x4  
  154  11:27  Zergling x2  
  154  11:31  Zergling x2  
  154  11:32  Zergling x4  
  146  11:38  Zergling x8  
  140  11:46  Drone x4  
  138  11:55  Ultralisk Cavern  
  138  11:57  Zerg Ground Armor Level 3  
  138  11:59  Zergling x12  
  125  12:05  Drone  
  126  12:17  Drone x4  
  126  12:22  Hatchery  
  127  12:30  Zerg Flyer Weapons Level 1  
  127  12:41  Zerg Melee Weapons Level 3  
  127  12:42  Anabolic Synthesis  
  127  12:43  Ultralisk x3  
  145  12:46  Overseer  
  145  12:52  Drone x5  
  145  12:53  Drone x3  
  145  12:58  Drone x3  
  156  13:00  Drone x3  
  159  13:06  Baneling x8  
  159  13:13  Zergling x14  
  159  13:14  Zergling x2  
  159  13:19  Baneling x2  
  166  13:28  Zergling x24  
  156  13:44  Chitinous Plating  
  156  13:45  Zergling x12  
  160  13:49  Zergling x2  
  160  13:50  Zergling x4  
  160  13:51  Unknown  
  160  13:52  Ultralisk  
  160  13:54  Zergling x14  
  170  13:59  Baneling  
  170  14:00  Baneling x8  
  170  14:03  Drone x4  
  170  14:09  Overseer, Baneling x9  
  174  14:16  Ultralisk  
  180  14:19  Overseer  
  180  14:27  Zergling x8  
  180  14:28  Zergling x14  
  191  14:38  Ultralisk  
  197  14:43  Zergling x10  
  183  14:46  Zergling x14  
  183  14:52  Zergling x10  
  188  14:56  Ultralisk  
  168  15:02  Zergling x10  
  168  15:05  Zergling x4  
  168  15:06  Zergling x4  
  163  15:07  Overseer  
  163  15:10  Overseer  
  161  15:17  Zergling x14  
  166  15:24  Zergling x8  
  155  15:36  Hatchery  
  155  15:38  Overlord  
  153  15:45  Ultralisk  
  153  15:48  Zergling x2  
  150  16:00  Ultralisk x3  
  155  16:17  Pathogen Glands  
  155  16:18  Hatchery  
  155  16:19  Drone x2  
  155  16:21  Baneling x2  
  150  16:27  Zergling x10  
  154  16:34  Zergling x10  
  154  16:39  Zergling x6  
  158  16:45  Zergling x10  
  150  16:51  Zergling x2  
  139  16:56  Zergling x14  
  139  17:00  Infestor  
  139  17:01  Infestor  
  145  17:03  Baneling  
  145  17:04  Baneling x3  
  142  17:13  Zergling x16  
  134  17:17  Corruptor  
  134  17:20  Infestor x2  
  140  17:30  Drone x6  
  140  17:32  Overseer, Baneling x4  
  146  17:38  Corruptor x2  
  141  17:47  Ultralisk  
  145  17:54  Zergling x14  
  145  17:55  Zergling x2  
  153  18:01  Zergling x2  
  153  18:02  Zergling x2  
  146  18:05  Zergling x6  
  146  18:06  Zergling x12  
  146  18:12  Zergling x2  
  152  18:16  Queen x2  
  152  18:17  Corruptor x2  
  152  18:18  Zergling x2  
  158  18:22  Infestor x2  
  142  18:27  Ultralisk  
  142  18:29  Baneling x2  
  142  18:32  Zergling x10  
  144  18:35  Baneling x7  
  144  18:37  Zergling x4  
  144  18:40  Zergling x6  
  144  18:41  Zergling x2  
  145  18:47  Infestor, Overseer  
  145  18:48  Infestor  
  149  19:04  Zergling x2  
  149  19:06  Overlord x3  
  149  19:08  Baneling x5  
  156  19:10  Hatchery  
Tags
 
Add a new tag
Caveats
  • Supply blocks, unpowered buildings, or Contaminate may cause inaccurate times.
  • Supply counts are checked every 10 seconds.